 Dungeon Crawl Stone Soup version 0.30-a0-867-g305f33218d (webtiles) character file.

Game seed: 1168921878151215609

424 cforsyth the Magician (level 6, -3/32 HPs)
             Began as a Deep Elf Earth Elementalist on Mar 10, 2023.
             Was an Initiate of Vehumet.
             Slain by a howler monkey (6 damage)
             ... on level 5 of the Dungeon.
             The game lasted 00:04:55 (3491 turns).

cforsyth the Magician (Deep Elf Earth Elementalist) Turns: 3491, Time: 00:04:55

Health: -3/32      AC:  3    Str:  5    XL:     6   Next: 64%
Magic:  16/18      EV: 12    Int: 22    God:    Vehumet [......]
Gold:   324        SH:  0    Dex: 15    Spells: 18/19 levels left

rFire   . . .      SeeInvis .    (no weapon)
rCold   . . .      Faith    .    (no shield)
rNeg    . . .      Spirit   .    a - +0 robe
rPois   .          Reflect  .    (no helmet)
rElec   .          Rampage  .    y - +0 cloak
rCorr   .                        (no gloves)
Will    .....                    (no boots)
Stlth   ++                       (no amulet)
HPRegen 0.25/turn                (no ring)
MPRegen 0.16/turn                (no ring)

@: no status effects
A: no striking features
a: Renounce Religion


You were on level 5 of the Dungeon.
You worshipped Vehumet.
Vehumet was noncommittal.
You visited 2 branches of the dungeon, and saw 6 of its levels.

You collected 324 gold pieces.

Inventory:

Missiles
 r - 2 throwing nets
Armour
 a - a +0 robe (worn)
 y - a +0 cloak (worn)
Scrolls
 c - 2 scrolls of poison {unknown}
 e - a scroll of noise {unknown}
 g - a scroll of fog
 j - a scroll of teleportation {unknown}
 k - a scroll of enchant weapon {unknown}
 l - a scroll of magic mapping {unknown}
 m - a scroll of vulnerability {unknown}
 n - a scroll of enchant armour {unknown}
 o - a scroll of blinking {unknown}
 p - a scroll of identify {unknown}
 w - a scroll of immolation {unknown}
 x - a scroll of amnesia {unknown}
Potions
 b - 2 potions of magic
 d - 2 potions of flight {unknown}
 f - 2 potions of curing {unknown}
 h - 2 potions of heal wounds {unknown}
 i - 2 potions of attraction {unknown}
 q - a potion of berserk rage {unknown}
 s - a potion of mutation {unknown}
 t - a potion of haste {unknown}
 u - a potion of cancellation {unknown}
 v - a potion of degeneration {unknown}


   Skills:
 - Level 2.4 Dodging
 - Level 2.4 Stealth
 + Level 7.1 Spellcasting
 - Level 1.1 Transmutations
 + Level 6.3 Earth Magic


You had 18 spell levels left.
You knew the following spells:

 Your Spells              Type           Power      Damage    Failure   Level
a - Sandblast             Erth           70%        2d15      1%          1

Your spell library contained the following spells:

 Spells                   Type           Power      Damage    Failure   Level
 Passwall                 Tmut/Erth      20%        N/A       2%          2
 Stone Arrow              Conj/Erth      42%        3d9       7%          3
 Petrify                  Tmut/Erth      24%        N/A       19%         4


Dungeon Overview and Level Annotations

Branches:
Dungeon (5/15)             Temple (1/1) D:4

Altars:
Ashenzari
Cheibriados
Dithmenos
Elyvilon
Kikubaaqudgha
Makhleb
Nemelex Xobeh
Qazlal
Ru
Sif Muna
Vehumet
Wu Jian
Xom
Zin
The Shining One


Message History

The orc shouts!
Found a chain mail.
There is a stone staircase leading up here.
An orc is nearby!
An orc is nearby!
An orc is nearby!
An orc is nearby!
An orc is nearby!
An orc warrior and an orc come into view.
A howler monkey comes into view.
An orc comes into view. It is wielding a +0 club.
Found two stone staircases leading down.
The orc warrior shouts!
The orc shouts!
An orc priest comes into view. It is wielding a +0 hand axe.
The blast of sand hits the orc!!
You kill the orc!
Vehumet accepts your kill.
The howler monkey howls!
The blast of sand hits the orc warrior.
The orc warrior is lightly wounded.
The orc priest invokes the aid of Beogh against you.
Beogh smites you!
The blast of sand hits the orc warrior but does no damage.
The orc warrior is lightly wounded.
The orc warrior hits you with a +0 short sword!
You are too injured to fight recklessly!
Unknown command.
Unknown command.
The orc warrior attacks as you move away!
The orc warrior hits you with a +0 short sword!
* * * LOW HITPOINT WARNING * * *
Found a white potion.
The howler monkey closely misses you.
The howler monkey hoots and howls with incredible vigour!
You hear an angry hiss. x2; You hear a shout!
As you read the scroll labelled RARAONN MILE, it crumbles to dust.
The scroll dissolves into smoke.
It was a scroll of fog.
The orc hits you with a +0 club.
* * * LOW HITPOINT WARNING * * *
The howler monkey hits you.
You die...

#.# ..## #.#
... #.##..#
##.#...###.
#.........!
#........>.
##..)o§.....
##..oho....>.
#...o@§......
#.<.§§§§.....
#..§§..§.....
#..........##
#[.....#####
#......#
#......#
#......#
#......#


You could see an orc warrior, a howler monkey, an orc priest and 2 orcs.

Vanquished Creatures
  Sigmund (D:3)
  An ogre (D:4)
  A jelly (D:4)
  Jessica (D:3)
  4 adders
  A worm (D:2)
  2 dart slugs
  2 orcs
  10 ball pythons
  8 endoplasms
  6 giant cockroaches
  2 goblins
  5 hobgoblins
  5 kobolds
  5 quokkas
  6 bats
  4 frilled lizards
  10 rats
74 creatures vanquished.

Vanquished Creatures (others)
  3 plants (D:1)
3 creatures vanquished.

Grand Total: 77 creatures vanquished

Notes
Turn   | Place    | Note
-------+----------+-------------------------------------------
     0 | D:1      | cforsyth the Deep Elf Earth Elementalist began the quest
                  | for the Orb.
     0 | D:1      | Reached XP level 1. HP: 10/10 MP: 6/6
   108 | D:1      | You fall into a shaft and drop 1 floor!
   122 | D:2      | Reached XP level 2. HP: 15/15 MP: 5/8
   536 | D:1      | Reached skill level 4 in Spellcasting
   540 | D:1      | Reached XP level 3. HP: 19/19 MP: 3/10
  1176 | D:2      | Found a stormy altar of Qazlal.
  1386 | D:2      | Reached XP level 4. HP: 24/24 MP: 10/12
  2081 | D:3      | Reached skill level 5 in Spellcasting
  2140 | D:3      | Found an ancient bone altar of Kikubaaqudgha.
  2140 | D:3      | Found a shimmering altar of Xom.
  2148 | D:3      | Found a glowing silver altar of Zin.
  2150 | D:3      | Found a burning altar of Makhleb.
  2152 | D:3      | Found a broken altar of Ashenzari.
  2203 | D:3      | Noticed Sigmund
  2205 | D:3      | Killed Sigmund
  2206 | D:3      | Reached skill level 6 in Spellcasting
  2206 | D:3      | Reached skill level 5 in Earth Magic
  2206 | D:3      | Reached XP level 5. HP: 20/28 MP: 11/15
  2290 | D:3      | Noticed Jessica
  2292 | D:3      | Killed Jessica
  2293 | D:3      | Reached XP level 6. HP: 32/32 MP: 14/17
  2637 | D:4      | Found a staircase to the Ecumenical Temple.
  2649 | Temple   | Entered the Ecumenical Temple
  2680 | Temple   | Became a worshipper of Vehumet
  2699 | D:4      | Found a shimmering blue altar of Sif Muna.
  2702 | D:4      | Found a stormy altar of Qazlal.
  3214 | D:4      | Reached skill level 7 in Spellcasting
  3484 | D:5      | Entered Level 5 of the Dungeon
  3485 | D:5      | Noticed an orc warrior
  3491 | D:5      | Slain by a howler monkey

Illustrated notes

Levels and vault maps discovered:
D:1:      psy_arrival_statuary, layout_basic, serial_forest,
          infiniplex_forest_3_way, infiniplex_forest_clump_diagonal,
          infiniplex_forest_clump_curved, infiniplex_forest_straight_3,
          infiniplex_forest_corner_1, infiniplex_forest_clump_cross
D:2:      layout_loops_ring, basic_altar
D:3:      layout_basic, chequers_temple_overflow_minitemple, uniq_jessica,
          uniq_sigmund
D:4:      layout_basic, mainiacjoe_overflow_big_doors, temple_fountains
D:5:      layout_rooms
Temple:   chequers_temple_sunken

Skill      XL: |  1  2  3  4  5  6 |
---------------+-------------------+-----
Spellcasting   | 4 6 7 |  7.1
Earth Magic    | 4 5 6 |  6.3
Dodging        | |  2.4
Stealth        | |  2.4
Transmutations | |  1.1

Action                     |  1- 3 |  4- 6 || total
---------------------------+-------+-------++-------
  Melee: Unarmed           |     3 |       ||     3
   Cast: Sandblast         |    45 |    43 ||    88
    Use: Scroll            |       |     1 ||     1
 Armour: Robe              |     2 |       ||     2
  Dodge: Dodged            |     7 |     3 ||    10

Table legend: (Time is in decaauts)
 A = Elapsed time spent in this place.
 B = Non-inter-level travel time spent in this place.
 C = Inter-level travel time spent in this place.
 D = Time resting spent in this place.
 E = Time spent auto-exploring this place.
 F = Levels seen in this place.
 G = Mean time per level.
                   A        B        C        D        E       F      G
               +--------+--------+--------+--------+--------+-----+--------+
         Total |   3538 |   3389 |    149 |      0 |   2961 |   6 |  589.7 |
       Dungeon |   3488 |   3353 |    135 |      0 |   2934 |   5 |  697.6 |
        Temple |     50 |     36 |     14 |      0 |     27 |   1 |   50.0 |
               +--------+--------+--------+--------+--------+-----+--------+

Top non-repeatable levels by time:
     D:1: 1045 daAuts
     D:2: 906 daAuts
     D:4: 895 daAuts
     D:3: 632 daAuts
  Temple: 50 daAuts
     D:5: 8 daAuts
